 Dungeon Crawl Stone Soup version 0.30.0-29-ga12c61a403 (webtiles) character file.

Game seed: 15569806120759567638

55 Radiant the Trooper (level 3, -5/34 HPs)
             Began as a Minotaur Monk on June 5, 2023.
             Slain by a gnoll
             ... wielding a +0 spear
              (6 damage)
             ... on level 2 of the Dungeon.
             The game lasted 00:08:23 (1098 turns).

Radiant the Trooper (Minotaur Monk)                 Turns: 1098, Time: 00:08:23

Health: -5/34      AC:  2    Str: 17    XL:     3   Next: 67%
Magic:  2/2        EV: 14    Int:  7    God:
Gold:   76         SH:  0    Dex: 18    Spells: 2/2 levels left

rFire   . . .        g - +0 short sword (protect)
rCold   . . .        d - orb {light}
rNeg    . . .        b - +0 robe
rPois   .            (helmet restricted)
rElec   .            (no cloak)
rCorr   .            (no gloves)
SInv    .            (no boots)
Will    +....        (no amulet)
Stlth   +            m - +6 ring of dexterity
HPRegen 0.25/turn    h - ring of willpower
MPRegen 0.08/turn

%: no passive effects
@: glowing
A: horns 2, retaliatory headbutt
a: no special abilities


You were on level 2 of the Dungeon.
You visited 1 branch of the dungeon, and saw 2 of its levels.

You collected 76 gold pieces.

Inventory:

Hand Weapons
 a - a +0 hand axe
 g - a +0 short sword of protection (weapon)
Missiles
 k - 3 boomerangs (quivered)
Armour
 b - a +0 robe (worn)
 d - an orb of light (worn)
Jewellery
 h - a ring of willpower (right hand)
 m - a +6 ring of dexterity (left hand)
Scrolls
 e - a scroll of immolation {unknown}
Potions
 c - a potion of ambrosia
 f - a potion of heal wounds {unknown}
 i - a potion of might {unknown}
 j - a potion of mutation {unknown}
 n - 2 potions of haste {unknown}


   Skills:
 + Level 4.6 Fighting
 - Level 4.0 Axes
 + Level 4.2 Dodging


You had 2 spell levels left.
You didn't know any spells.
Your spell library contained the following spells:

 Spells                   Type           Power      Damage    Failure   Level
 Magic Dart               Conj           0%         1d3       43%         1
 Searing Ray              Conj           0%         2d4       56%         2
 Fulminant Prism          Conj/Hex       0%         3d5       99%         4


Dungeon Overview and Level Annotations

Branches:
Dungeon (2/15)

Altars:


Innate Abilities, Weirdness & Mutations

You have a pair of horns on your head.
You reflexively headbutt those who attack you in melee.


Message History

The jackal barely misses you. The gnoll barely misses you.
You hit the jackal but do no damage. The jackal barely misses you.
The jackal closely misses you. The gnoll barely misses you.
You hit the jackal.
The jackal is heavily wounded.
The gnoll hits you from afar with a +0 heavy spear.
The jackal misses you. The gnoll closely misses you.
You barely miss the jackal.
The jackal is heavily wounded.
The jackal closely misses you.
The gnoll hits you from afar with a +0 heavy spear!
The gnoll hits you from afar with a +0 spear.
The jackal closely misses you.
You closely miss the jackal.
The jackal is heavily wounded.
The jackal misses you. You furiously retaliate!
You headbutt the jackal, but do no damage.
The gnoll closely misses you.
You barely miss the jackal.
The jackal is heavily wounded.
The gnoll barely misses you. The jackal closely misses you.
The gnoll hits you but does no damage.
You hit the jackal but do no damage.
The jackal is heavily wounded.
The jackal bites you but does no damage.
The gnoll closely misses you.
The jackal bites you but does no damage.
The gnoll misses you.
You hit the jackal.
You kill the jackal!
The gnoll barely misses you.
There is an escape hatch in the floor here.
The gnoll hits you from afar with a +0 heavy spear!
The gnoll misses you. The gnoll misses you.
The gnoll hits you from afar with a +0 spear.
The gnoll hits you from afar with a +0 heavy spear!
* * * LOW HITPOINT WARNING * * *
The gnoll hits you from afar with a +0 spear.
You die...

#...§..# #.#.#
#...§§§### ##'#.#
#......†.####....#
#......#.†.##...)#
#......###†##....#
#......# #.......#
#......# ###gg.gg#
#......# ###+#>#
......## #@#
...... #.# #.# #.#
#.# ..# #.# ..#


You could see 2 gnolls.

Vanquished Creatures
  An adder (D:2)
  An adder zombie (D:2)
  A worm (D:2)
  4 endoplasms
  2 giant cockroaches (D:1)
  7 goblins
  A hobgoblin (D:1)
  2 jackals (D:2)
  2 quokkas
  3 ball pythons (D:1)
  5 bats
  A frilled lizard (D:1)
  5 kobolds (D:1)
  2 rats (D:1)
37 creatures vanquished.

Notes
Turn   | Place    | Note
-------+----------+-------------------------------------------
     0 | D:1      | Radiant the Minotaur Monk began the quest for the Orb.
     0 | D:1      | Reached XP level 1. HP: 19/19 MP: 0/0
   192 | D:1      | Reached XP level 2. HP: 21/27 MP: 1/1
   938 | D:2      | Reached XP level 3. HP: 31/33 MP: 2/2
  1098 | D:2      | HP: 1/34 [gnoll/+0 heavy spear (13)]
  1098 | D:2      | Slain by a gnoll

Illustrated notes

Levels and vault maps discovered:
D:1:      nzn_arrival_settlement, layout_loops_ring, minivault_23, st_stairs_2,
          minivault_19, minmay_tromino_v4_b
D:2:      layout_basic, serial_undead, serial_undead_e, serial_undead_f,
          serial_undead_a, serial_undead_c, guppyfry_early_orc_mine,
          uniq_sigmund

Skill      XL: |  1  2  3 |
---------------+----------+-----
Axes           | 4 |  4.0
Fighting       | 4 |  4.6
Dodging        | 4 |  4.2

Action                     || total
---------------------------++-------
  Melee: Short sword       ||    65
         Hand axe          ||     6
         Headbutt          ||    12
    Use: Scroll            ||     2
 Armour: Robe              ||    15
  Dodge: Dodged            ||    55
